 Dungeon Crawl Stone Soup version 0.28.0-53-g5a82cb258f (webtiles) character file.

Game seed: 211191696538116271

3768 firemarshallily the Skirmisher (level 9, -4/64 HPs)
             Began as a Demonspawn Gladiator on May 21, 2022.
             Was an Elder of Hepliaklqana.
             Slain by a skeletal warrior
             ... wielding a +0 dire flail
              (10 damage)
             ... on level 8 of the Dungeon.
             The game lasted 00:28:50 (8124 turns).

firemarshallily the Skirmisher (DsGl)               Turns: 8124, Time: 00:28:51

Health: -4/64      AC: 17    Str: 19    XL:     9   Next: 94%
Magic:  9/9        EV: 14    Int: 10    God:    Hepliaklqana [****..]
Gold:   406        SH:  4    Dex: 22    Spells: 8/8 levels left

rFire   . . .      SeeInvis .   e - +5 great sword
rCold   . . .      Faith    .   (shield currently unavailable)
rNeg    . . .      Spirit   .   E - +0 steam dragon scales
rPois   .          Reflect  .   v - +2 helmet
rElec   .          Harm     .   u - +0 cloak
rCorr   .          Rampage  .   z - +0 pair of gloves
Will    .....                   x - +0 pair of boots
Stlth   +++.......              (no amulet)
HPRegen 0.20/turn               h - +4 ring of protection
MPRegen 0.11/turn               q - +6 ring of dexterity

@: hasted, very quick
A: reduced essence, hooves 1, thin skeletal structure 1, powered by death 2,
condensation shield
a: Renounce Religion, Recall Ancestor, Ancestor Identity, Transference, Idealise


You were on level 8 of the Dungeon.
You worshipped Hepliaklqana.
Hepliaklqana was greatly pleased with you.
You visited 1 branch of the dungeon, and saw 8 of its levels.

You collected 406 gold pieces.

Inventory:

Hand Weapons
 e - a +5 great sword (weapon)
 t - a +6 club
 D - a +1 long sword of flaming
Missiles
 a - 7 javelins
 d - 3 throwing nets
 j - 241 stones (quivered)
 B - 4 curare-tipped darts
 F - 7 poisoned darts
Armour
 p - the +1 chain mail of Geotze {Rampage rF- Stlth+}
   (You found it on level 3 of the Dungeon)

   rF:        It makes you vulnerable to fire.
   Rampage:   It bestows one free step when moving towards enemies.
   Stlth:     It makes you more stealthy.
 u - a +0 cloak (worn)
 v - a +2 helmet (worn)
 x - a +0 pair of boots (worn)
 z - a +0 pair of gloves (worn)
 E - +0 steam dragon scales (worn)
 G - a +0 chain mail of poison resistance
Jewellery
 h - a +4 ring of protection (left hand)
 q - a +6 ring of dexterity (right hand)
 H - a +4 ring of protection
Wands
 m - a wand of iceblast (5)
 n - a wand of polymorph (19)
 s - a wand of flame (64)
Scrolls
 b - a scroll of fear
 i - a scroll of brand weapon {unknown}
 l - 2 scrolls of identify
 o - a scroll of immolation {unknown}
 y - 2 scrolls of summoning {unknown}
 A - a scroll of torment {unknown}
 C - a scroll of enchant armour {unknown}
 I - a scroll of vulnerability {unknown}
Potions
 g - 2 potions of mutation
 k - a potion of cancellation {unknown}
 w - a potion of lignification {unknown}


   Skills:
 + Level 7.1 Fighting
 * Level 6.3 Long Blades
 - Level 6.7 Maces & Flails
 - Level 2.0 Throwing
 * Level 7.0 Armour
 - Level 3.0 Dodging


You had 8 spell levels left.
You didn't know any spells.
Your spell library contained the following spells:

 Spells                   Type           Power      Damage    Failure   Level
 Magic Dart               Conj           0%         1d3       36%         1
 Searing Ray              Conj           0%         2d4       50%         2
 Tukima's Dance           Hex            0%         N/A       75%         3
 Fulminant Prism          Conj/Hex       0%         3d6       98%         4
 Olgreb's Toxic Radiance  Pois           0%         N/A       98%         4
 Passage of Golubria      Tloc           0%         N/A       98%         4
 Freezing Cloud           Conj/Ice/Air   0%         6-21      100%        5
 Yara's Violent Unravell  Hex/Tmut       0%         3d3       100%        5


Dungeon Overview and Level Annotations

Branches:
Dungeon (8/15)             Temple (0/1) D:7
   Lair: D:8-11

Altars:
Hepliaklqana
Okawaru
Trog
Xom
The Shining One

Shops:
D:7 :

Annotations:
D:8 2 transporters, exclusions: door and 1 more exclusion, Holdthepickle's ghost, novice MiBe


Innate Abilities, Weirdness & Mutations

Your life essence is reduced to manifest your ancestor. (-10% HP)
You have large cloven feet.
You have a somewhat thin skeletal structure. (Dex +2, Stealth+)
You regenerate health from kills.
A meltable shield of frost defends you. (SH +4)


Message History

Maria barely misses the skeletal warrior.
You're too confused to attack without stumbling around!
You bump into the rock wall.
The skeletal warrior hits you with a +0 dire flail!!
Maria hits the skeletal warrior with a +0 dagger of draining.
It was a potion of curing.
You feel better.
You feel less invigorated.
You block the skeletal warrior's attack.
Maria hits the skeletal warrior with a +0 dagger of draining.
It was a potion of haste.
You feel yourself speed up. The skeletal warrior barely misses you.
Maria points at the skeletal warrior and mumbles some strange words.
The skeletal warrior resists with almost no effort.
You hit the skeletal warrior but do no damage.
The skeletal warrior is heavily damaged.
The skeletal warrior barely misses you.
Maria hits the skeletal warrior but does no damage.
You slash the skeletal warrior!
The skeletal warrior is severely damaged.
The skeletal warrior hits you with a +0 dire flail.
Maria barely misses the skeletal warrior.
You hit the skeletal warrior.
The skeletal warrior is severely damaged.
The skeletal warrior hits you with a +0 dire flail!
* * * LOW HITPOINT WARNING * * *
You closely miss the skeletal warrior.
The skeletal warrior is severely damaged.
Maria completely misses the skeletal warrior.
You hit the skeletal warrior but do no damage.
The skeletal warrior is severely damaged.
The skeletal warrior hits you with a +0 dire flail.
* * * LOW HITPOINT WARNING * * *
Maria hits the skeletal warrior but does no damage.
You hit the skeletal warrior but do no damage.
The skeletal warrior is severely damaged.
The skeletal warrior hits you with a +0 dire flail!
* * * LOW HITPOINT WARNING * * *
Maria misses the skeletal warrior.
You feel better.
The skeletal warrior hits you with a +0 dire flail!
You die...

##.########..##..
...........#..##o ###
....####.###..## #!.#
... #.(#..#.#..#
#...##.##FoD#.#.###..
#.g.#.#.gH##.#.# ##. #.
#c)#.#+.##..#)#####
##...###zR.###.........#
#......@.8........####.#
#....###...###...#####.#
#.. +#.#'.##......... .
#.#...##..####.#
#.##...#..##.#.#
...##)[#..#....# ...
####........
...........#...##
#..<#.####.##..#


You could see the friendly Maria the hexer and a skeletal warrior (ally target).

Vanquished Creatures
  A hornet (D:7)
  A steam dragon (D:7)
  2 water moccasins
  2 black bears
  An ogre (D:6)
  A sky beast (D:8)
  A phantom (D:5)
  A kobold brigand (D:7)
  2 bullfrogs
  Blork the orc (D:4)
  2 scorpions
  2 wights (D:6)
  5 killer bees (D:8)
  4 hounds
  2 jellies
  Crazy Yiuf (D:7)
  2 orc priests
  3 centaur skeletons
  A gnoll shaman (D:7)
  2 iguanas
  Ijyb (D:3)
  2 orc wizards
  Natasha (twice) (D:4)
  2 howler monkey zombies
  4 gnolls
  4 adders
  A white imp (D:7)
  An adder skeleton (D:3)
  A worm (D:4)
  A dart slug (D:3)
  10 orcs
  8 bats
  5 endoplasms
  2 giant cockroaches
  4 goblins
  6 hobgoblins
  12 jackals
  5 quokkas
  7 ball pythons
  3 frilled lizards
  6 kobolds
  6 rats
130 creatures vanquished.

Vanquished Creatures (collateral kills)
  Maggie (D:7)
  A steam dragon (D:6)
  An orc warrior (D:8)
  A black bear (D:5)
  A necrophage (D:4)
  2 ogres
  A scorpion (D:4)
  3 wights (D:6)
  2 bullfrog skeletons
  A jelly (D:5)
  A centaur skeleton (D:5)
  An orc priest (D:5)
  An iguana (D:4)
  2 orc wizards (D:5)
  2 gnolls (D:6)
  3 adders
  A shadow imp (D:6)
  An adder skeleton (D:4)
  A dart slug (D:1)
  6 orcs
  2 endoplasms
  A goblin (D:2)
  A hobgoblin (D:4)
  A jackal (D:2)
  3 kobolds (D:7)
  A quokka (D:4)
  2 ball pythons
  2 bats
  3 rats (D:2)
49 creatures vanquished.

Vanquished Creatures (others)
  4 hexers
  16 plants (D:3)
20 creatures vanquished.

Grand Total: 199 creatures vanquished

Notes
Turn   | Place    | Note
-------+----------+-------------------------------------------
     0 | D:1      | firemarshallily the Demonspawn Gladiator began the quest
                  | for the Orb.
     0 | D:1      | Reached XP level 1. HP: 16/16 MP: 1/1
   286 | D:1      | Gained mutation: You regenerate a little health from kills.
                  | [demonic ancestry]
   286 | D:1      | Reached XP level 2. HP: 18/22 MP: 2/2
   426 | D:1      | Found a faded altar of an unknown god.
   443 | D:1      | Prayed at the altar of an unknown god.
   443 | D:1      | Became a worshipper of Hepliaklqana the Forgotten
   443 | D:1      | Reached * piety under Hepliaklqana
  1055 | D:1      | Reached XP level 3. HP: 24/24 MP: 3/3
  1156 | D:2      | Reached skill level 1 in Armour
  1590 | D:2      | Gained mutation: You have large cloven feet. [demonic
                  | ancestry]
  1590 | D:2      | Reached XP level 4. HP: 16/30 MP: 4/4
  1937 | D:3      | Reached ** piety under Hepliaklqana
  1938 | D:3      | Remembered your ancestor Maria as a hexer
  2033 | D:3      | Identified the +1 chain mail of Geotze {Rampage rF- Stlth+}
  2355 | D:3      | Noticed Ijyb
  2373 | D:3      | Killed Ijyb
  2876 | D:3      | Reached XP level 5. HP: 36/36 MP: 5/5
  3334 | D:4      | Reached skill level 1 in Maces & Flails
  3442 | D:4      | Reached *** piety under Hepliaklqana
  3850 | D:4      | Noticed a black bear
  3866 | D:4      | Killed a black bear
  3867 | D:4      | Reached XP level 6. HP: 23/42 MP: 6/6
  4113 | D:4      | Got the Reference Book on Conjuration and Poison
  4149 | D:4      | Noticed Natasha
  4157 | D:4      | Killed Natasha
  4283 | D:4      | Noticed Blork the orc
  4294 | D:4      | Killed Blork the orc
  4295 | D:4      | Gained mutation: You regenerate health from kills. [demonic
                  | ancestry]
  4295 | D:4      | Reached XP level 7. HP: 24/48 MP: 7/7
  4590 | D:4      | Noticed Natasha
  4596 | D:4      | Killed Natasha
  4884 | D:5      | Entered Level 5 of the Dungeon
  5364 | D:5      | Reached skill level 5 in Maces & Flails
  5364 | D:5      | Gained mutation: A meltable shield of frost defends you.
                  | (SH +4) [demonic ancestry]
  5364 | D:5      | Reached XP level 8. HP: 34/54 MP: 8/8
  5476 | D:5      | Found a shimmering altar of Xom.
  5476 | D:5      | Found a bloodstained altar of Trog.
  5484 | D:5      | Reached skill level 5 in Fighting
  5786 | D:6      | Reached **** piety under Hepliaklqana
  6665 | D:6      | Reached skill level 5 in Armour
  6792 | D:6      | Found an iron altar of Okawaru.
  6940 | D:7      | Gained mutation: You have a somewhat thin skeletal
                  | structure. (Dex +2, Stealth+) [demonic ancestry]
  6940 | D:7      | Reached XP level 9. HP: 59/62 MP: 9/9
  7101 | D:7      | Found Jenginuf's Book Boutique.
  7159 | D:7      | Noticed Maggie
  7164 | D:7      | Found a staircase to the Ecumenical Temple.
  7177 | D:7      | Killed Maggie
  7178 | D:7      | Reached skill level 5 in Long Blades
  7615 | D:7      | Found a runed translucent door.
  7616 | D:7      | Noticed Crazy Yiuf
  7621 | D:7      | Killed Crazy Yiuf
  7790 | D:8      | Noticed Holdthepickle's ghost (novice MiBe)
  7791 | D:8      | Noticed a gargoyle
  7805 | D:8      | Found a transporter.
  7811 | D:8      | Found a transporter.
  7902 | D:8      | Noticed a cyclops
  8103 | D:8      | Noticed a manticore
  8107 | D:8      | Noticed a skeletal warrior
  8123 | D:8      | HP: 1/64 [skeletal warrior/+0 dire flail (10)]
  8124 | D:8      | Slain by a skeletal warrior

Illustrated notes

Levels and vault maps discovered:
D:1:      grunt_arrival_crossed_arrows, layout_basic,
          chequers_ecumenical_altar_simple_redux, ebering_dispersal_statue_hall,
          minmay_misc_feat_x
D:2:      layout_basic
D:3:      minmay_chambers_of_twos, layout_basic, chequers_serial_rivers_small_a,
          minmay_crystal_room, serial_bayou_pond_c, uniq_ijyb
D:4:      layout_basic, nicolae_zen_rock_garden, uniq_natasha,
          uniq_blork_the_orc
D:5:      layout_rooms, gammafunk_temple_overflow_pools
D:6:      layout_rooms, okawaru_trees_1
D:7:      layout_rooms, nicolae_tso_carved_into_rock, minmay_temple_entry_grid,
          serial_shops, nicolae_shop_trees, st_stairs_10,
          uniq_crazy_yiuf_cottage, uniq_maggie
D:8:      cheibrodos_barr_body, layout_loops_corners, fedhas_altar_4,
          nzn_ghost_randoct, nicolae_underground_beach, uniq_maurice

Skill      XL: |  1  2  3  4  5  6  7  8  9 |
---------------+----------------------------+-----
Long Blades    | 3 4 6 |  6.3
Throwing       | 2 |  2.0
Armour         | 1 2 3 5 7 |  7.0
Dodging        | 3 |  3.0
Fighting       | 3 4 6 7 |  7.1
Maces & Flails | 2 3 5 6 |  6.7

Action                   |  1- 3 |  4- 6 |  7- 9 || total
-------------------------+-------+-------+-------++-------
Melee: Long sword        |    99 |    38 |       ||   137
       Punch             |     2 |     3 |     2 ||     7
       Club              |       |   101 |   156 ||   257
       Kick              |       |    36 |     2 ||    38
       Great sword       |       |       |    88 ||    88
       Unarmed           |       |       |    10 ||    10
Throw: Stone             |       |     4 |    10 ||    14
Invok: Ancestor Identity |     1 |       |       ||     1
       Recall Ancestor   |       |     1 |       ||     1
       Ancestor Life: He |       |     1 |       ||     1
  Use: Scroll            |       |     5 |       ||     5
       Potion            |       |       |     6 ||     6
 Stab: Confused          |       |     2 |     3 ||     5
       Distracted        |       |     2 |     4 ||     6
       Sleeping          |       |     1 |     5 ||     6
Armor: Leather armour    |    59 |    43 |    85 ||   187
       Steam dragon scal |       |       |    33 ||    33
Dodge: Dodged            |    83 |    94 |   182 ||   359
Block: Other             |       |       |    30 ||    30
